 Dungeon Crawl Stone Soup version 0.28-a0-998-gb9e9c7b67e (webtiles) character file.

Game seed: 15217401252819154291

30 ytrimaz the Insei (level 3, -6/23 HPs)
             Began as an Octopode Transmuter on Dec 5, 2021.
             Splashed by a jelly's acid (7 damage)
             ... on level 2 of the Dungeon.
             The game lasted 00:01:12 (1354 turns).

ytrimaz the Insei (Octopode Transmuter)             Turns: 1354, Time: 00:01:13

Health: -6/23      AC:  1    Str:  7 (9)  XL:     3   Next: 18%
Magic:  6/6        EV: 13    Int: 16 (17) God:
Gold:   27         SH:  0    Dex:  9 (12) Spells: 5/6 levels left

rFire   . . .      SeeInvis .     - Unarmed
rCold   . . .      Faith    .   (no shield)
rNeg    . . .      Spirit   .   (helmet currently unavailable)
rPois   .          Reflect  .   (no amulet)
rElec   .          Harm     .   (no ring)
rCorr   .          Rampage  .   (no ring)
Will    .....                   (no ring)
Stlth   ++........              (no ring)
HPRegen 0.07/turn               (no ring)
MPRegen 0.10/turn               (no ring)
                                (no ring)
                                (no ring)

@: mighty, appendages (expiring)
A: tentacle spike 3, almost no armour, amphibious, 8 rings, camouflage 1,
gelatinous body 1, (nimble swimmer 1), tentacles
a: End Transformation


You were on level 2 of the Dungeon.
One of your tentacles had grown a beastly spike.
You visited 1 branch of the dungeon, and saw 2 of its levels.

You collected 27 gold pieces.

Inventory:

Scrolls
 b - a scroll of teleportation
 c - a scroll of identify {unknown}
 d - a scroll of fog {unknown}
 e - a scroll of torment {unknown}
 f - a scroll of enchant weapon {unknown}
 h - a scroll of fear {unknown}


   Skills:
 + Level 1.0 Fighting
 + Level 2.1 Dodging
 + Level 3.6 Unarmed Combat
 + Level 2.4 Spellcasting
 + Level 2.2 Transmutations


You had 5 spell levels left.
You knew the following spells:

 Your Spells              Type           Power      Damage    Failure   Level
a - Beastly Appendage     Tmut           18%        N/A       8%          1

Your spell library contained the following spells:

 Spells                   Type           Power      Damage    Failure   Level
 Wereblood                Tmut           9%         N/A       12%         2
 Slow                     Hex            4%         N/A       21%         1
 Spider Form              Tmut/Pois      5%         N/A       36%         3
 Confusing Touch          Hex            1%         N/A       52%         3
 Vampiric Draining        Necr           1%         2d6       52%         3
 Ice Form                 Ice/Tmut       5%         N/A       77%         4


Dungeon Overview and Level Annotations

Branches:
Dungeon (1/15)

Altars:

Annotations:
D:2 1 runed translucent door, Crazy Yiuf


Innate Abilities, Weirdness & Mutations

One of your tentacles has grown a beastly spike.
You cannot wear most types of armour.
You are amphibious.
You can wear up to eight rings at the same time.
Your skin changes colour to match your surroundings (Stealth+).
Your rubbery body absorbs attacks. (AC +1, EV +1)
((You are camouflaged near water. (Stealth+)))
You have tentacles for arms and can constrict up to eight enemies at once.


Message History

Found a mace.
Found a runed translucent door.
As you open the door, it creaks loudly!
There is an open door here.
You open the door.
There is an open door here.
You open the door.
There is an open door here.
A jelly comes into view.
A jelly is nearby!
A jelly is nearby!
One of your tentacles grows a vicious spike.
An endoplasm comes into view.
The jelly quivers.
You completely miss the jelly. The jelly barely misses you.
You tentacle-slap the jelly. The acid corrodes you!
Your tentacles burn!
You pierce the jelly, but do no damage.
You squeeze the jelly.
The jelly is heavily wounded.
The endoplasm quivers.
The jelly hits you.
You are splashed with acid.
You tentacle-slap the jelly.
Your tentacles burn!
The jelly is heavily wounded.
The endoplasm barely misses you. The jelly hits you.
You are splashed with acid!
* * * LOW HITPOINT WARNING * * *
Unknown command.
The endoplasm hits you.
* * * LOW HITPOINT WARNING * * *
Your transformation is almost over.
It was a potion of degeneration.
There was something very wrong with that liquid.
You feel weakened.
You feel dopey.
You feel clumsy.
You are no longer corroded.
The jelly closely misses you.
Okay, then.
It was a potion of might.
You feel very mighty all of a sudden. The jelly hits you.
* * * LOW HITPOINT WARNING * * *
You are splashed with acid!
You die...

#####J####
#........#
##'#####.#
#.....+.#
#.###.#.## #.#
#.#..#
###.###.#J.###
#.'.....#J...+
#.#####'#@.###
#..##.#.....#
##......###.#
####.#####.##♣♣♣♣♣
#.# #..+...♣.♣♣♣
### #.#
#.......♣..♣#...#
#.#
#......♣♣♣♣.+..g#
#.# ##.+..♣♣
♣♣#..)# #.# ####♣♣
###


You could see a jelly and an endoplasm.

Vanquished Creatures
  A worm (D:2)
  A dart slug (D:2)
  2 bats (D:2)
  2 endoplasms (D:2)
  2 giant cockroaches (D:2)
  2 goblins
  3 hobgoblins (D:2)
  4 kobolds (D:2)
  A quokka (D:2)
  A frilled lizard (D:2)
  3 rats (D:2)
22 creatures vanquished.

Notes
Turn   | Place    | Note
-------+----------+-------------------------------------------
     0 | D:1      | ytrimaz the Octopode Transmuter began the quest for the
                  | Orb.
     0 | D:1      | Reached XP level 1. HP: 13/13 MP: 3/3
    76 | D:1      | You fall into a shaft and drop 1 floor!
   377 | D:2      | Reached XP level 2. HP: 15/18 MP: 5/5
  1015 | D:2      | Reached XP level 3. HP: 23/23 MP: 3/6
  1287 | D:2      | Found a runed translucent door.
  1288 | D:2      | Noticed Crazy Yiuf
  1354 | D:2      | HP: 1/23 [jelly (2)]
  1354 | D:2      | Splashed by a jelly's acid

Illustrated notes

Levels and vault maps discovered:
D:1:      psy_arrival_radial02, layout_basic,
          hellmonk_ecumenical_altar_slurped_away
D:2:      layout_loops_corners, minmay_misc_feat_encased,
          uniq_crazy_yiuf_cottage

Action                   || total
-------------------------++-------
Melee: Unarmed           ||    44
       Constrict         ||    12
       Tentacles         ||     7
       Kick              ||     5
 Cast: Beastly Appendage ||    12
  Use: Scroll            ||     3
       Potion            ||     2
 Stab: Sleeping          ||     4
Armor: Skin              ||     4
Dodge: Dodged            ||    25

Table legend: (Time is in decaauts)
 A = Elapsed time spent in this place.
 B = Non-inter-level travel time spent in this place.
 C = Inter-level travel time spent in this place.
 D = Time resting spent in this place.
 E = Time spent auto-exploring this place.
 F = Levels seen in this place.
 G = Mean time per level.
                   A        B        C        D        E       F      G
               +--------+--------+--------+--------+--------+-----+--------+
         Total |   1350 |   1350 |      0 |      0 |   1120 |   2 |  675.0 |
       Dungeon |   1350 |   1350 |      0 |      0 |   1120 |   2 |  675.0 |
               +--------+--------+--------+--------+--------+-----+--------+

Top non-repeatable levels by time:
     D:2: 1274 daAuts
     D:1: 75 daAuts
